 Dungeon Crawl Stone Soup version 0.20.1-1-g8b1a95d (webtiles) character file.

9169 Gargoyl the Cleaver (level 11, -7/95 HPs)
             Began as a Minotaur Abyssal Knight on Sept 26, 2017.
             Was a High Priest of Lugonu.
             Mangled by a death knight
             ... wielding a +2 battleaxe
              (13 damage)
             ... on level 9 of the Dungeon on Sept 27, 2017.
             The game lasted 00:18:10 (10592 turns).

Gargoyl the Cleaver (Minotaur Abyssal Knight)      Turns: 10592, Time: 00:18:11

Health: -7/95      AC: 15    Str: 21    XL:     11   Next: 19%
Magic:  15/15      EV:  7    Int:  9    God:    Lugonu [*****.]
Gold:   166        SH: 10    Dex: 13    Spells: 10/10 levels left

rFire    . . .     SeeInvis .   H - +10 war axe of the Orange Skies {freeze, rPois Str+4}
rCold    . . .     Gourm    .   F - +0 shield
rNeg     + . .     Faith    .   I - +4 chain mail {MR+}
rPois    +         Spirit   .   d - +2 hat
rElec    .         Reflect  .   (no cloak)
rCorr    .         Harm     .   (no gloves)
MR       ++...                  (no boots)
Stlth    ..........             (no amulet)
Regen    0.3/turn               r - ring of positive energy
MPRegen  0.2/turn               g - ring of protection from magic

@: slowed, drained, very slow
A: retaliatory headbutt, claws 1, horns 2, icy blue scales 1, deformed body,
sense surroundings 1
a: Depart the Abyss, Bend Space, Banish, Corrupt, Enter the Abyss, Renounce
Religion


You were on level 9 of the Dungeon.
You worshipped Lugonu.
Lugonu was extremely pleased with you.
You were hungry.

You visited 1 branch of the dungeon, and saw 9 of its levels.
You visited the Abyss 1 time.
You also visited: Sewer.

You collected 677 gold pieces.
You spent 511 gold pieces at shops.

Inventory:

Hand Weapons
 s - a +1 war axe
 H - the +10 war axe of the Orange Skies (weapon) {freeze, rPois Str+4}
   (You found it on level 8 of the Dungeon)

   It has been specially enchanted to freeze those struck by it, causing extra
   injury to most foes and up to half again as much damage against particularly
   susceptible opponents.
   It can also slow down cold-blooded creatures.
   It affects your strength (+4).
   It protects you from poison.
 J - a +2 hand axe of flaming
Missiles
 q - 7 tomahawks (quivered)
Armour
 d - a +2 hat (worn)
 F - a +0 shield (worn)
 I - a +4 chain mail of magic resistance (worn)
Jewellery
 g - a ring of protection from magic (right claw)
 r - a ring of positive energy (left claw)
Wands
 v - a wand of paralysis (13/24)
 x - a wand of digging (10/24)
 D - a wand of flame (25/48)
 E - a wand of paralysis (14/24)
Scrolls
 e - 3 scrolls of remove curse
 f - 6 scrolls of teleportation
 j - 2 scrolls of amnesia
 m - a scroll of fog
 n - a scroll of identify
 w - 2 scrolls of magic mapping
 y - a scroll of blinking
 K - a scroll of silence {unknown}
Potions
 b - 4 potions of curing
 k - 2 potions of brilliance
 l - a potion of heal wounds
 o - 2 potions of haste
 t - 3 potions of berserk rage
 u - a potion of cancellation {unknown}
 A - 2 potions of ambrosia
 B - a potion of magic {unknown}
 G - 2 potions of lignification
Books
 a - a book of Conjurations

   Spells                             Type                      Level
   a - Magic Dart                     Conjuration                  1
   b - Searing Ray                    Conjuration                  2
   c - Dazzling Spray                 Conjuration/Hexes            3
   d - Fulminant Prism                Conjuration/Hexes            4
   e - Force Lance                    Conjuration/Translocation    4
   f - Iskenderun's Mystic Blast      Conjuration                  4
 p - a book of Battle

   Spells                             Type                      Level
   a - Infusion                       Charms                       1
   b - Shroud of Golubria             Charms/Translocation         2
   c - Song of Slaying                Charms                       2
   d - Spectral Weapon                Hexes/Charms                 3
   e - Regeneration                   Charms/Necromancy            3
 L - a book of Enchantments

   Spells                             Type                      Level
   a - Cause Fear                     Hexes                        4
   b - Yara's Violent Unravelling     Hexes/Transmutation          5
   c - Silence                        Hexes/Air                    5
   d - Deflect Missiles               Charms/Air                   6
   e - Discord                        Hexes                        8
Comestibles
 c - 7 bread rations
 h - 14 fruits
 i - 7 royal jellies
 z - 3 meat rations


   Skills:
 + Level 8.8(7.6) Fighting
 + Level 11.2(9.9) Axes
 + Level 0.8(0.0) Throwing
 * Level 10.8(9.5) Armour
 + Level 3.8(2.7) Dodging
 + Level 6.3(5.2) Shields
 * Level 7.7(6.5) Invocations


You had 10 spell levels left.
You didn't know any spells.

Dungeon Overview and Level Annotations

Branches:
Dungeon (9/15)             Temple (0/1) D:4             Orc (0/2) D:9
   Lair: D:8-11

Altars:
Ashenzari
Cheibriados
Dithmenos
Gozag
Hepliaklqana
Kikubaaqudgha
Nemelex Xobeh
Sif Muna
Xom
The Shining One

Shops:
D:8 *


Innate Abilities, Weirdness & Mutations

You reflexively headbutt those who attack you in melee.
You have a pair of horns on your head.
You have sharp fingernails.
You are partially covered in icy blue scales. (AC +2)
Armour fits poorly on your strangely shaped body.
You passively map a small area around you.


Message History

You partially resist.
You feel drained.
You block the skeletal warrior's attack.
The death knight hits you with an enchanted battleaxe!
* * * LOW HITPOINT WARNING * * *
The skeletal warrior hits you with a short sword of draining!
* * * LOW HITPOINT WARNING * * *
You partially resist.
You feel drained.
* * * LOW HITPOINT WARNING * * *
You slash the death knight! You freeze the death knight.
You headbutt the death knight, but do no damage.
The death knight is heavily wounded.
You hit the skeletal warrior. You slash the skeletal warrior!
You freeze the skeletal warrior.
The skeletal warrior hits you with a dire flail.
* * * LOW HITPOINT WARNING * * *
The skeletal warrior hits you with a short sword of draining.
* * * LOW HITPOINT WARNING * * *
You partially resist.
You feel drained.
The death knight hits you with an enchanted battleaxe!
You die...

'....+. ,, , ,
######.#####+##....# **
.......#......#....#
.......#.)....#....#####
.......#.).)).#........#
.......##'#####........#
........)..............#
.................z.....#
..####'######...@p.....#
..#.........#...z......#
..#.........#..........#
..#.........#..........#
###.........#.#####....#
............#.# ###.#
....###'#...#.# #
....+...#...#.#
.[>.#...#...# *


You could see a death knight and 2 skeletal warriors.

Vanquished Creatures
  The ghost of Fandomethor the Fencer, a journeyman MiFi of Qazlal (D:9)
  A hydra (D:8)
  Pikel (D:6)
  Psyche (D:9)
  The ghost of malin the Basher, a novice MiBe of Trog (D:5)
  2 dream sheep (D:8)
  A hippogriff (D:8)
  A vampire (D:6)
  2 wraiths
  2 yaks (D:8)
  4 wargs (D:9)
  2 ice beasts
  A water moccasin (D:8)
  2 orc warriors
  Purgy (Sewer)
  2 sky beasts (D:7)
  2 necrophages (D:8)
  7 centaurs
  3 ogres
  A phantom (D:8)
  13 big kobolds
  3 bullfrogs
  An elf skeleton (D:8)
  A wyvern skeleton (D:9)
  A scorpion (D:7)
  9 killer bees
  A troll zombie (D:8)
  8 wights
  4 crimson imps
  A centaur zombie (D:8)
  A bullfrog zombie (D:6)
  3 orc priests
  4 hounds
  A jelly (D:8)
  2 orc wizards
  2 centaur skeletons
  2 human zombies (D:8)
  A bullfrog skeleton (D:8)
  3 iguanas
  A human skeleton (D:8)
  5 worker ants
  A hound zombie (D:6)
  2 howler monkey skeletons
  13 adders
  4 gnolls (D:3)
  2 shadow imps
  2 oozes
  An adder zombie (D:6)
  An adder skeleton (D:7)
  3 worms
  2 dart slugs (D:1)
  5 leopard geckos
  16 orcs
  6 giant cockroaches
  11 goblins
  9 hobgoblins
  2 jackals (D:6)
  A quokka (D:2)
  2 ball pythons (D:1)
  13 bats
  5 frilled lizards
  48 kobolds
  A leopard gecko skeleton (D:9)
  An orc skeleton (D:8)
  A quokka skeleton (D:5)
  2 quokka zombies
  8 rats
267 creatures vanquished.

Vanquished Creatures (others)
  An orc wizard (D:5)
  An adder (D:6)
2 creatures vanquished.

Grand Total: 269 creatures vanquished

Notes
Turn   | Place    | Note
-------+----------+-------------------------------------------
     0 | Abyss:1  | Gargoyl the Minotaur Abyssal Knight began the quest for the Orb.
     0 | Abyss:1  | Reached XP level 1. HP: 19/19 MP: 1/1
    74 | Abyss:1  | Noticed a starcursed mass
    75 | Abyss:1  | Noticed a flying skull
    75 | D:1      | Escaped the Abyss
   184 | D:1      | Reached XP level 2. HP: 27/27 MP: 2/2
   275 | D:1      | Reached * piety under Lugonu
   339 | D:1      | Found a snail-covered altar of Cheibriados.
   443 | D:1      | Reached XP level 3. HP: 33/33 MP: 3/3
  1171 | D:2      | Reached skill level 3 in Axes
  1171 | D:2      | Reached XP level 4. HP: 28/41 MP: 4/4
  1214 | D:2      | Reached ** piety under Lugonu
  1918 | D:2      | Found a sparkling altar of Nemelex Xobeh.
  2502 | D:2      | Reached XP level 5. HP: 46/47 MP: 5/5
  2576 | D:3      | Reached skill level 5 in Fighting
  2576 | D:3      | Reached skill level 4 in Axes
  2576 | D:3      | Reached XP level 6. HP: 25/56 MP: 5/7
  2874 | D:3      | Reached skill level 5 in Axes
  2881 | D:3      | Reached skill level 1 in Shields
  2881 | D:3      | Reached XP level 7. HP: 52/61 MP: 8/8
  2987 | D:3      | Reached *** piety under Lugonu
  3090 | D:3      | Reached skill level 5 in Armour
  3339 | D:3      | Reached skill level 6 in Axes
  3607 | D:4      | Found a glowing drain.
  3625 | Sewer    | Entered a sewer
  3668 | Sewer    | Noticed Purgy
  3679 | Sewer    | Killed Purgy
  3679 | Sewer    | Reached XP level 8. HP: 49/70 MP: 10/10
  3906 | D:4      | Found a staircase to the Ecumenical Temple.
  3978 | D:4      | Found a shadowy altar of Dithmenos.
  4495 | D:5      | Entered Level 5 of the Dungeon
  4503 | D:5      | Noticed malin's ghost (novice MiBe)
  4665 | D:5      | Reached skill level 5 in Invocations
  4676 | D:5      | Killed malin's ghost
  4676 | D:5      | Reached skill level 7 in Axes
  4817 | D:5      | Reached **** piety under Lugonu
  5266 | D:5      | Found a shattered altar of Ashenzari.
  5557 | D:6      | Reached skill level 8 in Axes
  5557 | D:6      | Reached XP level 9. HP: 40/78 MP: 12/12
  5744 | D:6      | Found a deep blue altar of Sif Muna.
  5837 | D:6      | Noticed Pikel
  5863 | D:6      | Killed Pikel
  6046 | D:6      | Reached skill level 9 in Axes
  6961 | D:7      | Gained mutation: Your mind is acute. (Int +2) [mutagenic meat]
  6962 | D:7      | Gained mutation: Scrolls take you a little longer to read. [mutagenic meat]
  6963 | D:7      | Gained mutation: Your body sometimes deteriorates upon taking damage. [mutagenic meat]
  8079 | D:7      | Gained mutation: You passively map a small area around you. [mutagenic meat]
  8080 | D:7      | Gained mutation: Scrolls take you longer to read. [mutagenic meat]
  8082 | D:7      | Gained mutation: You have sharp toenails. [mutagenic meat]
  8123 | D:8      | Found an opulent altar of Gozag.
  8123 | D:8      | Found a glowing golden altar of the Shining One.
  8262 | D:8      | Reached XP level 10. HP: 84/88 MP: 13/13
  8300 | D:8      | Got a fine war axe
  8301 | D:8      | Identified the +10 war axe of the Orange Skies {freeze, rPois Str+4} (You found it on level 8 of the Dungeon)
  8336 | D:8      | Found a hazy altar of Hepliaklqana.
  8408 | D:8      | Found a shimmering altar of Xom.
  8775 | D:8      | Found Ixzuasok's General Store.
  8783 | D:8      | Bought a potion of heal wounds for 70 gold pieces
  8783 | D:8      | Bought a +4 chain mail of magic resistance for 441 gold pieces
  8821 | D:8      | Reached skill level 10 in Axes
  8862 | D:8      | Noticed a two-headed hydra
  8866 | D:8      | Killed a one-headed hydra
  8866 | D:8      | Reached skill level 10 in Armour
  8866 | D:8      | Reached skill level 5 in Shields
  8870 | D:8      | Reached ***** piety under Lugonu
  9368 | D:8      | Found an ancient bone altar of Kikubaaqudgha.
  9702 | D:9      | Noticed Fandomethor's ghost (journeyman MiFi)
  9724 | D:9      | Killed Fandomethor's ghost
  9724 | D:9      | Reached skill level 11 in Axes
  9724 | D:9      | Reached XP level 11. HP: 82/95 MP: 15/15
  9790 | D:9      | Noticed Psyche
  9799 | D:9      | Killed Psyche
  9929 | D:9      | Found a staircase to the Orcish Mines.
 10370 | D:9      | Lost mutation: Your mind is acute. (Int +2) [potion of mutation]
 10370 | D:9      | Lost mutation: Scrolls take you longer to read. [potion of mutation]
 10370 | D:9      | Lost mutation: Scrolls take you a little longer to read. [potion of mutation]
 10370 | D:9      | Lost mutation: Your body sometimes deteriorates upon taking damage. [potion of mutation]
 10370 | D:9      | Lost mutation: You have sharp toenails. [potion of mutation]
 10370 | D:9      | Gained mutation: You have sharp fingernails. [potion of mutation]
 10370 | D:9      | Gained mutation: Armour fits poorly on your strangely shaped body. [potion of mutation]
 10370 | D:9      | Gained mutation: You are partially covered in icy blue scales. (AC +2) [potion of mutation]
 10581 | D:9      | Noticed a skeletal warrior
 10583 | D:9      | Noticed a death knight
 10583 | D:9      | Noticed a skeletal warrior
 10592 | D:9      | Mangled by a death knight

Skill      XL: |  1  2  3  4  5  6  7  8  9 10 11 |
---------------+----------------------------------+-----
Armour         | 3 4 5 6 9 10 | 10.8
Fighting       | 4 5 6 7 8 |  8.8
Invocations    | 2 3 4 5 6 7 |  7.7
Axes           | 3 4 5 6 8 9 11 | 11.2
Dodging        | 2 3 |  3.8
Shields        | 1 3 5 6 |  6.3
Throwing       | |  0.8

Action                   |  1- 3 |  4- 6 |  7- 9 | 10-12 || total
-------------------------+-------+-------+-------+-------++-------
Melee: Hand axe          |    87 |    45 |       |     6 ||   138
       Headbutt          |    11 |    16 |    63 |    29 ||   119
       War axe           |       |    77 |   385 |   178 ||   640
       Kick              |       |       |     9 |    53 ||    62
Throw: Tomahawk          |       |       |     4 |       ||     4
Invok: Depart the Abyss  |     1 |       |       |       ||     1
  Use: Scroll            |     5 |     4 |     9 |     4 ||    22
       Potion            |       |       |       |     1 ||     1
  Eat: Chunk             |     1 |     4 |    29 |     7 ||    41
Armor: Leather armour    |    47 |       |       |       ||    47
       Ring mail         |     2 |    40 |       |       ||    42
       Chain mail        |       |    70 |   182 |    61 ||   313
       Plate armour      |       |       |   133 |    37 ||   170
Dodge: Dodged            |    74 |    75 |   172 |    60 ||   381
Block: Buckler           |     4 |    39 |   122 |       ||   165
       Shield            |       |       |    18 |   104 ||   122
